 Dungeon Crawl Stone Soup version bcrawl-1.18.1 (webtiles) character file.

Game seed: 1232894155358338657

264 JackS81 the Magician (level 6, 0/46 HPs)
             Began as an Oni Ice Elementalist on Nov 5, 2019.
             Killed by nerve-wracking pain
             ... invoked by Grinder
              (13 damage)
             ... on level 3 of the Dungeon on Nov 8, 2019.
             The game lasted 00:22:41 (2716 turns).

JackS81 the Magician (Oni Ice Elementalist)         Turns: 2716, Time: 00:22:42

Health: 0/46       AC:  5    Str: 11    XL:     6   Next: 19%
Magic:  9/14       EV: 12    Int: 18    God:
Gold:   174        SH:  0    Dex: 12    Spells: 4/13 levels left

rFire    + . .     SeeInvis .   p - +0 whip
rCold    . . .     Gourm    .   (no shield)
rNeg     . . .     Faith    .   x - +2 robe {rF+}
rPois    .         Spirit   .   j - +0 hat
rElec    .         Reflect  .   (no cloak)
rCorr    .         Harm     .   (no gloves)
MR       .....                  h - +0 pair of boots
Stlth    ++........             (no amulet)
HPRegen  0.15/turn              (no ring)
MPRegen  0.14/turn              (no ring)

@: no status effects
A: oni magic, claws 1, fangs 1, horns 1
a: no special abilities


You were on level 3 of the Dungeon.
You were not hungry.

You visited 1 branch of the dungeon, and saw 3 of its levels.

You collected 174 gold pieces.

Inventory:

Hand Weapons
 b - a +0 dagger
 e - a +0 hand axe
 p - a +0 whip (weapon)
 q - a +3 quarterstaff of chaos
Missiles
 g - 85 poisoned needles
 m - 289 arrows
 t - 54 bolts
Armour
 a - a +0 animal skin
 h - a +0 pair of boots (worn)
 j - a +0 hat (worn)
 o - a +0 shield
 r - a +0 cloak
 v - a scarf of spirit shield
 x - a +2 robe of fire resistance (worn)
Wands
 c - a wand of iceblast (1)
 f - a wand of disintegration (15)
Scrolls
 i - 2 scrolls of blinking {unknown}
 k - 4 scrolls of identify {unknown}
 l - 4 scrolls of teleportation {unknown}
 s - a scroll of enchant weapon {unknown}
 y - a scroll of immolation {unknown}
Potions
 n - a potion of flight
 u - a potion of magic {unknown}
 w - a potion of brilliance {unknown}
Comestibles
 d - 6 rations {!d}


   Skills:
 * Level 0.9 Fighting
 - Level 1.2 Maces & Flails
 - Level 1.7 Dodging
 - Level 1.7 Stealth
 * Level 4.1 Spellcasting


You had 4 spell levels left.
You knew the following spells:

 Your Spells              Type           Power        Failure   Level  Hunger
a - Freeze                Ice            ###...       1%          1    None
b - Sting                 Conj/Pois      ###.         2%          1    None
c - Ozocubu's Armour      Chrm/Ice       ###.....     8%          3    ###....
d - Swiftness             Chrm/Air       ###.....     4%          2    ##.....
e - Blink                 Tloc           N/A          3%          2    ##.....

Your spell library contained the following spells:

 Spells                   Type           Power        Failure   Level  Hunger
 Throw Frost              Conj/Ice       ###...       4%          2    ##.....
 Summon Ice Beast         Ice/Summ       ###.....     26%         4    ####...
 Throw Icicle             Conj/Ice       ###.....     26%         4    ####...


Dungeon Overview and Level Annotations

Branches:
Dungeon (3/12)

Altars:

Annotations:
D:3 Grinder, Sigmund


Innate Abilities, Weirdness & Mutations

You learn spells by gaining experience, not through books or religion.
You only train spellcasting to practice magic.
You have sharp fingernails.
You have very sharp teeth.
You have a pair of small horns on your head.


Message History

Aiming: Disintegrate
Press: ? - help, Shift-Dir - straight line, f/p - Grinder
Aim: Grinder (moderately wounded, chance to defeat MR: 65%) Grinder struggles to resist.
Grinder gestures at you. Pain shoots through your body!
* * * LOW HITPOINT WARNING * * *
Aiming: Disintegrate
Press: ? - help, Shift-Dir - straight line, f/p - Grinder
Aim: Grinder (moderately wounded, chance to defeat MR: 65%) Grinder is blasted!
Your icy armour evaporates.
Grinder gestures at you.
You barely resist.
Casting: Ozocubu's Armour (safe; 8% risk of failure)
Confirm with . or Enter, or press ? or * to list all spells.
You blink.
Grinder gestures at you. Pain shoots through your body!
You die...

#.# #.# #######.# #.# #.#
#.# #.# #.. .######.# #.# ##
......... #.# #.######.. #.#
#.# ### #.# ##### #.# # #.#
##...## #.# # #.# #.%@..#
#.# # #.# #.......####.# #
#.######.......5ยง...# #
#..............####.########
#########.....## #.#.......
##...## #......... #####
###.#####. #.# #. #.#####.


You could see Grinder.

Vanquished Creatures
  A sky beast (D:3)
  A jelly (D:3)
  Crazy Yiuf (D:2)
  Jessica (D:3)
  2 adders (D:3)
  2 worms (D:2)
  2 dart slugs (D:1)
  A leopard gecko (D:2)
  An orc (D:3)
  3 giant cockroaches
  3 hobgoblins
  7 jackals
  7 bats
  7 frilled lizards
  7 goblins
  11 kobolds
  5 rats
62 creatures vanquished.

Notes
Turn   | Place    | Note
-------+----------+-------------------------------------------
     0 | D:1      | JackS81 the Oni Ice Elementalist began the quest for the
                  | Orb.
     0 | D:1      | Reached XP level 1. HP: 14/14 MP: 4/4
   119 | D:1      | Reached XP level 2. HP: 18/20 MP: 4/6
   122 | D:1      | Learned a level 1 spell: Sting
   190 | D:1      | Reached skill level 2 in Spellcasting
   863 | D:2      | Reached XP level 3. HP: 26/26 MP: 6/8
  1086 | D:2      | Found a runed door.
  1093 | D:2      | Noticed Crazy Yiuf
  1099 | D:2      | Killed Crazy Yiuf
  1099 | D:2      | Reached XP level 4. HP: 16/33 MP: 4/10
  1272 | D:2      | Learned a level 3 spell: Ozocubu's Armour
  1378 | D:2      | Reached skill level 3 in Spellcasting
  1855 | D:3      | Noticed Jessica
  1862 | D:3      | Killed Jessica
  2133 | D:3      | Reached XP level 5. HP: 38/38 MP: 8/12
  2280 | D:3      | Noticed Sigmund
  2320 | D:3      | Learned a level 2 spell: Swiftness
  2389 | D:3      | Noticed Grinder
  2453 | D:3      | Noticed a sky beast
  2597 | D:3      | Killed a sky beast
  2597 | D:3      | Reached skill level 1 in Maces & Flails
  2597 | D:3      | Reached skill level 4 in Spellcasting
  2597 | D:3      | Reached XP level 6. HP: 39/46 MP: 3/14
  2603 | D:3      | Learned a level 2 spell: Blink
  2709 | D:3      | Paralysed by Grinder for 4 turns
  2716 | D:3      | Killed from afar by Grinder

Skill      XL: |  1  2  3  4  5 |
---------------+----------------+-----
Spellcasting   | 2 3 4 |  4.1
Maces & Flails | 1 |  1.2
Fighting       | |  0.9
Dodging        | |  1.7
Stealth        | |  1.7

Action                   |  1- 3 |  4- 6 || total
-------------------------+-------+-------++-------
Melee: Dagger            |    13 |       ||    13
       Headbutt          |     3 |       ||     3
       Bite              |     4 |     1 ||     5
       Whip              |    13 |     1 ||    14
 Cast: Freeze            |    20 |    22 ||    42
       Sting             |    21 |    44 ||    65
       Ozocubu's Armour  |       |     2 ||     2
       Swiftness         |       |     1 ||     1
       Blink             |       |     1 ||     1
Evoke: Wand              |       |     4 ||     4
  Use: Potion            |     3 |       ||     3
 Stab: Sleeping          |     2 |       ||     2
  Eat: Chunk             |     1 |     5 ||     6
Armor: Animal skin       |     6 |     2 ||     8
       Robe              |       |     2 ||     2
Dodge: Dodged            |    29 |    12 ||    41
